cohdb
Replays
Latest Replays
All Replays
Popular Replays
Top Player Replays
Match Explorer
How It Works
Community
CoH3 Stats
Reddit
Sign in to upload your games and track your stats! →
Sign in with Steam
Match 42061122
Unlisted
Match 42061122
Overview
Messages
Build Orders
End
Kradschützen Motorcycle Team
Selects Panzerjäger Kommand Battlegroup
Selects Mine Fields
Panzergrenadier Squad
Panzergrenadier Squad
Panzergrenadier Squad
Panzerpioneer Squad
Construct Light Support Kompanie
Construct Mechanized Kompanie
Panzerjäger Mechanized Group
Selects GrB 39 Grenade Launcher Requisition
Construct Mechanized Kompanie
Selects Crew Shock Tactics
Support Armor Elements
Crew Shock Tactics
StuG III D Assault Gun
Crew Shock Tactics
StuG III D Assault Gun
Selects Defensive Positions
Vehicle Survival Package
StuG III D Assault Gun
StuG III D Assault Gun
Assault Mechanized Group
*Mule
Nostalgi@
0
0
Comments
sign in to comment!
No comments posted yet!